 Dungeon Crawl Stone Soup version 0.17.2-1-ge4368a0 (webtiles) character file.

31 rlgrobin the Insei (level 3, -3/29 HPs)
             Began as a Mummy Monk on May 2, 2017.
             Slain by a gnoll
             ... wielding a +0 spear
              (7 damage)
             ... on level 1 of the Dungeon.
             The game lasted 00:02:10 (1640 turns).

rlgrobin the Insei (Mummy Monk)                     Turns: 1640, Time: 00:02:10

Health: -3/29      AC:  0    Str: 14    XL:     3   Next: 7%
Magic:  3/3        EV: 13    Int:  9    God:
Gold:   37         SH:  0    Dex: 15    Spells: 0 memorised, 2 levels left

rFire  x . .     SeeInvis .       - Unarmed
rCold  + . .     Clarity  .     (no armour)
rNeg   + + +     SustAt   .     (no shield)
rPois  ∞         Gourm    .     (no helmet)
rElec  .         Spirit   .     (no cloak)
rCorr  .         Warding  .     (no gloves)
rMut   .         Stasis   .     (no boots)
MR     .....                    (no amulet)
Stlth  ++........               (no ring)
                                (no ring)

@: not resistant to hostile enchantments, unstealthy
A: no food or potions, fire vulnerability, cold resistance 1, negative energy
resistance 3, torment resistance, unbreathing
a: no special abilities


You were on level 1 of the Dungeon.
You were not hungry.

You visited 1 branch of the dungeon, and saw 2 of its levels.

You collected 37 gold pieces.


Innate Abilities, Weirdness & Mutations

You do not eat or drink.
Your flesh is vulnerable to fire.
You are immune to poison.
Your flesh is cold resistant.
You are immune to negative energy.
You are immune to unholy pain and torment.
You can survive without breathing.


   Skills:
 - Level 3.0 Fighting
 - Level 2.4 Dodging
 - Level 1.5 Stealth
 + Level 4.1 Unarmed Combat


You had 2 spell levels left.
You didn't know any spells.

Inventory:

Armour
 c - a +0 shield
Scrolls
 a - a scroll of immolation {unknown}
 b - a scroll of amnesia {unknown}

Dungeon Overview and Level Annotations

Branches:
Dungeon (2/15)

Altars:
Cheibriados

▒▒▒▒▒▒.▒▒.▒....▒lllsS▒....
▒▒▒▒▒▒..▒.▒.8..▒▒▒▒▒▒▒..8.
▒....▒▒.▒.▒....g..........
▒....▒▒.▒.▒▒▒.8.......8.▒
'.........▒ ▒▒▒▒.8.8.▒▒▒▒
▒....▒▒.▒(▒▒▒▒▒▒▒▒.▒▒▒▒▒
▒▒▒▒▒▒▒.▒......▒.......▒
▒▒▒▒▒▒▒.▒.▒▒▒▒.▒g▒▒▒▒▒.▒
......▒........▒M▒ ▒.▒
▒▒▒▒▒▒▒▒▒▒▒.▒▒▒▒.▒▒▒ ▒.▒
..............▒▒...▒ ▒.▒
............▒.▒▒▒▒.▒ ▒.▒
..............▒ ▒▒▒▒▒▒.▒
............▒▒▒ ▒......▒
............▒ ▒.▒▒▒▒.▒
............▒ ▒.▒ ▒.▒
▒▒▒▒▒.....▒.▒ ▒.▒ ▒▒▒


You could see a gnoll.


Message History

You closely miss the rat!
The rat is heavily wounded!
The rat barely misses you!
You squash the rat like an ant!
You annihilate the rat!!!
The gnoll hits you with a spear!
You see here a rat corpse!
You take 4 damage, and have 18/29 hp!
You barely miss the gnoll! The gnoll barely misses you!
You closely miss the gnoll! The gnoll barely misses you!
You closely miss the gnoll! The gnoll closely misses you!
You pummel the gnoll but do no damage!
The gnoll hits you with a spear! * * * don't die
* * * You take 5 damage, and have 14/29 hp!
You squash the gnoll like an ant!
The gnoll is lightly wounded!
The gnoll hits you with a spear! * * * don't die
* * * You take 6 damage, and have 8/29 hp!
MASSIVE DAMAGE!!!!!!
You beat the gnoll but do no damage!
The gnoll is lightly wounded!
You pummel the gnoll like a punching bag!
The gnoll is moderately wounded!
The gnoll hits you with a spear! * * * don't die
* * * You take 4 damage, and have 4/29 hp!
You beat the gnoll but do no damage!
The gnoll is moderately wounded!
The gnoll hits you with a spear!!! rip

Action                   || total
-------------------------++-------
Melee: Unarmed           ||    93
 Stab: Sleeping          ||     2

Vault maps used:
D:1:      onia_arrival_zoo_common
D:2:      nicolae_overflow_hidden_temple, first_bread, cheibriados_altar_1

Notes
Turn   | Place    | Note
--------------------------------------------------------------
     0 | D:1      | rlgrobin the Mummy Monk began the quest for the Orb.
     0 | D:1      | Reached XP level 1. HP: 18/18 MP: 1/1
    12 | D:1      | Noticed a swamp drake
    12 | D:1      | Noticed a lindwurm
    13 | D:1      | Noticed a redback
    13 | D:1      | Noticed an anaconda
   255 | D:2      | Reached XP level 2. HP: 10/24 MP: 2/2
   568 | D:2      | Found a snail-covered altar of Cheibriados.
  1098 | D:1      | Reached skill level 4 in Unarmed Combat
  1461 | D:1      | Reached XP level 3. HP: 29/29 MP: 3/3
  1640 | D:1      | Slain by a gnoll

Vanquished Creatures
  6 bats
  2 giant cockroaches (D:2)
  8 goblins
  A hobgoblin (D:2)
  4 kobolds
  A quokka (D:2)
  2 giant newts (D:1)
  6 rats
30 creatures vanquished.
